 Dungeon Crawl Stone Soup version 0.28.0-43-g3370ac3207 (webtiles) character file.

Game seed: 10367571214330588066

121 styxcanada the Sneak (level 4, 0/23 HPs)
             Began as a Spriggan Brigand on Mar 7, 2022.
             Slain by Grinder (8 damage)
             ... on level 3 of the Dungeon.
             The game lasted 00:13:18 (4316 turns).

styxcanada the Sneak (Spriggan Brigand)             Turns: 4316, Time: 00:13:19

Health: 0/23       AC:  3    Str:  7    XL:     4   Next: 76%
Magic:  5/5        EV: 17    Int: 12    God:
Gold:   72         SH:  0    Dex: 18    Spells: 3/3 levels left

rFire   . . .      SeeInvis +   a - +2 dagger (venom)
rCold   . . .      Faith    .   (no shield)
rNeg    . . .      Spirit   .   e - +0 robe {Will+}
rPois   .          Reflect  .   (helmet restricted)
rElec   .          Harm     .   c - +0 cloak
rCorr   .          Rampage  .   (gloves unavailable)
Will    +....                   (boots unavailable)
Stlth   ++++......              (no amulet)
HPRegen 0.07/turn               (no ring)
MPRegen 0.09/turn               (no ring)

@: very quick
A: very small, no large weapons, unfitting armour, see invisible, speed 3
a: no special abilities


You were on level 3 of the Dungeon.
You visited 1 branch of the dungeon, and saw 3 of its levels.

You collected 72 gold pieces.

Inventory:

Hand Weapons
 a - a +2 dagger of venom (weapon)
 b - a +0 hunting sling
 h - a +0 dagger of flaming
Missiles
 q - a curare-tipped dart
 r - 3 poisoned darts (quivered)
Armour
 c - a +0 cloak (worn)
 e - a +0 robe of willpower (worn)
Jewellery
 f - a +6 ring of intelligence
Scrolls
 d - 3 scrolls of enchant weapon {unknown}
 g - a scroll of summoning {unknown}
 i - a scroll of identify {unknown}
 l - a scroll of fog {unknown}
 n - 2 scrolls of teleportation {unknown}
 o - a scroll of noise {unknown}
 s - a scroll of magic mapping {unknown}
 t - 3 scrolls of blinking {unknown}
Potions
 j - a potion of curing {unknown}
 k - a potion of flight {unknown}
 m - a potion of brilliance {unknown}
 p - 2 potions of heal wounds {unknown}


   Skills:
 * Level 2.3 Fighting
 + Level 2.9 Short Blades
 + Level 2.5 Throwing
 * Level 2.3 Dodging
 * Level 7.5 Stealth


You had 3 spell levels left.
You didn't know any spells.
Your spell library was empty.

Dungeon Overview and Level Annotations

Branches:
Dungeon (3/15)

Altars:

Annotations:
D:3 Grinder


Innate Abilities, Weirdness & Mutations

You are very small and have problems with some larger weapons.
You are too small for most types of armour.
You have supernaturally acute eyesight. (SInv)
You cover ground extremely quickly. (Speed+++)


Message History

You barely miss the goblin. The goblin closely misses you.
You barely miss the goblin. The goblin hits you but does no damage.
You barely miss the goblin. The goblin hits you with a +0 club.
You hit the goblin.
The goblin is poisoned.
The goblin is moderately wounded.
The goblin barely misses you.
You closely miss the goblin. You hit the goblin.
You kill the goblin!
Things that are here:
a +0 club; a goblin corpse You start resting.
HP restored.
A goblin comes into view. It is wielding a +0 dagger.
The goblin shouts!
The goblin misses you.
You barely miss the goblin. You barely miss the goblin.
The goblin hits you with a +0 dagger.
You hit the goblin.
You kill the goblin!
You see here a +0 dagger.
Found a trident.
You see here a +0 trident.
Found a chain mail.
You see here a +0 chain mail.
t - 3 scrolls labelled VAAVICZINON
Found a stone staircase leading up.
Found 2 gold pieces.
You now have 72 gold pieces (gained 2).
Grinder shouts!
You barely miss Grinder. Your punch misses Grinder. Grinder barely misses you.
You barely miss Grinder. Grinder hits you.
You writhe in agony.
You barely miss Grinder. Grinder barely misses you.
You hit Grinder.
Grinder is lightly wounded.
Grinder hits you.
You writhe in agony.
You hit Grinder but do no damage.
Grinder is lightly wounded.
Grinder hits you!
You die...

...)...|..#†.........#######
########..).)..............# ###
##........>.#.#####.# #..
#.#.##.###.#.# #.# #.#
#.#.##.###.#.#####.####.#
#.#.#...##.#.##...).....#
#.#.#.#.##......##.###### #
#.#.#.........####.# #
#.#.#...@5....# #.# #
#.#..#####..# #.# #.####
##....#)?$#B.####.## ....##
##.....#)!$#........####
#..###...#..#?[!#......#....#
#......#....#####...#....##.#
#..###...#.........##.#.###.#
#..####.##.........##.#.....#
####.......#####.#######.#####.#


You could see Grinder and a giant cockroach.

Vanquished Creatures
  Jessica (D:3)
  2 adders
  A worm (D:2)
  A dart slug (D:2)
  4 orcs (D:3)
  5 bats
  7 endoplasms
  3 giant cockroaches
  6 goblins
  7 hobgoblins
  5 quokkas
  7 ball pythons
  6 frilled lizards
  3 kobolds
  6 rats
64 creatures vanquished.

Notes
Turn   | Place    | Note
-------+----------+-------------------------------------------
     0 | D:1      | styxcanada the Spriggan Brigand began the quest for the
                  | Orb.
     0 | D:1      | Reached XP level 1. HP: 10/10 MP: 2/2
   159 | D:1      | Reached skill level 6 in Stealth
   409 | D:1      | Reached XP level 2. HP: 15/15 MP: 3/3
  1356 | D:2      | Reached XP level 3. HP: 18/18 MP: 4/4
  2032 | D:2      | Reached skill level 7 in Stealth
  2310 | D:2      | Found a faded altar of an unknown god.
  2737 | D:3      | Reached XP level 4. HP: 18/23 MP: 5/5
  2827 | D:3      | Noticed Grinder
  2831 | D:3      | Paralysed by Grinder for 4 turns
  2848 | D:3      | HP: 1/23 [Grinder/puff of flame (5)]
  3414 | D:3      | Noticed Jessica
  3605 | D:3      | Killed Jessica
  4316 | D:3      | Slain by Grinder

Illustrated notes

Levels and vault maps discovered:
D:1:      amcnicky_arrival_wind_blow, layout_loops_cross
D:2:      minmay_angry_zag, layout_basic, chequers_ecumenical_altar_grove,
          skrybe_limestone_x, grunt_decor_cap, minmay_diced_spiral
D:3:      layout_loops_ring, due_unseen_surprise, uniq_ijyb, uniq_grinder,
          uniq_jessica

Skill      XL: |  1  2  3 |
---------------+----------+-----
Stealth        | 6 7 |  7.5
Fighting       | 2 |  2.3
Dodging        | 2 |  2.3
Short Blades   | |  2.9
Throwing       | |  2.5

Action                   |  1- 3 |  4- 6 || total
-------------------------+-------+-------++-------
Melee: Dagger            |   118 |    43 ||   161
       Punch             |     1 |       ||     1
Throw: Dart              |    28 |    22 ||    50
  Use: Scroll            |       |     2 ||     2
 Stab: Sleeping          |    18 |     3 ||    21
       Distracted        |     1 |       ||     1
Armor: Robe              |    12 |     2 ||    14
Dodge: Dodged            |    79 |    13 ||    92
